[Event "ICC tourney 2552 (3 2)"]
[Site "Internet Chess Club"]
[Date "2021.05.07"]
[Round "4"]
[White "PRABU, VEDANTH:K06-15651522"]
[Black "HU, ETHAN:K01-30094787"]
[Result "0-1"]
[ICCResult "White resigns"]
[WhiteElo "1400"]
[BlackElo "1400"]
[Opening "Giuoco Piano: four knights variation"]
[ECO "C55"]
[NIC "IG.01"]
[Time "19:16:27"]
[PlyCount "90"]
[TimeControl "180+2"]

1. e4 e5 2. Nf3 Nc6 3. Bc4 Nf6 4. Nc3 Bc5 5. O-O O-O 6. d3 h6 7. h3 d6 8.
Nd5 Nxd5 9. Bxd5 Bd7 10. Bd2 Re8 11. c3 Rb8 12. Qb3 Be6 13. Bxe6 Rxe6 14.
d4 exd4 15. cxd4 Nxd4 16. Nxd4 Bxd4 17. Rfe1 Rf6 18. Be3 Bxe3 19. Qxe3 c5
20. Rad1 Re6 21. Qf3 Rf6 22. Qg4 Rg6 23. Qe2 Qg5 24. g3 a6 25. Rd5 Qf6 26.
Rf5 Qe6 27. Qf3 b5 28. e5 a5 29. Kf1 dxe5 30. Rexe5 Qc4+ 31. Kg2 f6 32. Re2
Rd8 33. Qh5 Rg5 34. Qf3 Rxf5 35. Qe3 Re5 36. Qf3 Qxe2 37. Qxe2 Rxe2 38. Kf3
Rxb2 39. g4 Rxa2 40. h4 c4 41. Kg3 b4 42. f3 b3 43. f4 c3 44. g5 b2 45.
gxh6 gxh6 { White resigns } 0-1

[Event "ICC tourney 2552 (3 2)"]
[Site "Internet Chess Club"]
[Date "2021.05.07"]
[Round "4"]
[White "VARADA, PRAHARSH:K05-30168995"]
[Black "SU, ALLEN:K03-30149550"]
[Result "1-0"]
[ICCResult "Black forfeits on time"]
[WhiteElo "1229"]
[BlackElo "1400"]
[Opening "Giuoco Piano"]
[ECO "C50"]
[NIC "IG.02"]
[Time "19:16:37"]
[PlyCount "63"]
[TimeControl "180+2"]

1. e4 e5 2. Nf3 Nc6 3. Bc4 Bc5 4. O-O Nf6 5. Nc3 O-O 6. d3 h6 7. Be3 Bb6 8.
Bxb6 axb6 9. Qd2 d6 10. Rfe1 Bg4 11. Re3 Na5 12. h3 Bh5 13. Rae1 Nxc4 14.
dxc4 Qd7 15. Qd3 Qe6 16. Nd5 Nxd5 17. cxd5 Qg6 18. g4 Bxg4 19. hxg4 Qxg4+
20. Kf1 Rxa2 21. Qb3 Raa8 22. Rc3 Rfc8 23. Ree3 Qh3+ 24. Ke2 Qg4 25. Rc4
Rab8 26. Rec3 Kh7 27. Rxc7 Rxc7 28. Rxc7 Qxe4+ 29. Qe3 Qxd5 30. Qd3+ Qxd3+
31. Kxd3 Kg6 32. Rd7 { Black forfeits on time } 1-0

[Event "ICC tourney 2552 (3 2)"]
[Site "Internet Chess Club"]
[Date "2021.05.07"]
[Round "4"]
[White "PATANKAR, VIJAY:K06-16438548"]
[Black "WOO, HENRY:K01-30165260"]
[Result "1-0"]
[ICCResult "Black checkmated"]
[WhiteElo "1400"]
[BlackElo "1400"]
[Opening "Réti: King's Indian attack (Barcza system)"]
[ECO "A07"]
[NIC "QP.09"]
[Time "19:15:24"]
[PlyCount "83"]
[TimeControl "180+2"]

1. Nf3 d5 2. g3 Nc6 3. Bg2 f5 4. O-O Nf6 5. d3 e6 6. c4 Bc5 7. a3 O-O 8. b4
Bxf2+ 9. Kxf2 Ne7 10. Bb2 Ng6 11. Nbd2 Bd7 12. Qb3 Qe8 13. cxd5 exd5 14.
Bxf6 Ba4 15. Qxd5+ Rf7 16. Ng5 gxf6 17. Nxf7 Qxf7 18. Qxf7+ Kxf7 19. Bxb7
Re8 20. Bd5+ Kg7 21. e4 fxe4 22. Nxe4 Ne5 23. Ke3 Bb5 24. Bc4 Nxc4+ 25.
dxc4 Bxc4 26. Kd4 Bxf1 27. Rxf1 f5 28. Rxf5 Re6 29. Re5 Rh6 30. h4 c6 31.
Rg5+ Rg6 32. Rxg6+ hxg6 33. Kc5 Kf7 34. Kxc6 Ke7 35. Kb7 Kd7 36. Kxa7 Ke7
37. b5 Kf8 38. b6 Kf7 39. b7 Kg7 40. b8=Q Kh6 41. Qf4+ Kh5 42. Qg5# { Black
checkmated } 1-0

[Event "ICC tourney 2552 (3 2)"]
[Site "Internet Chess Club"]
[Date "2021.05.07"]
[Round "4"]
[White "DESAIKOV, MAX:K03-30147675"]
[Black "DINESH, ROHAN:K06-16497373"]
[Result "1-0"]
[ICCResult "Black forfeits on time"]
[WhiteElo "1400"]
[BlackElo "1400"]
[Opening "English: Sicilian reversed"]
[ECO "A25"]
[NIC "EO.23"]
[Time "19:16:37"]
[PlyCount "55"]
[TimeControl "180+2"]

1. c4 e5 2. Nc3 Nc6 3. b3 Nf6 4. d3 d5 5. g3 d4 6. Ne4 Bb4+ 7. Nd2 Bc3 8.
Rb1 Nb4 9. Bb2 Nxa2 10. Qc2 Bf5 11. e4 Bg6 12. h4 a5 13. Bxc3 Nxc3 14. Ra1
Qd7 15. Ngf3 Ng4 16. Bh3 f5 17. exf5 Bxf5 18. Ne4 Nxe4 19. dxe4 Be6 20. Rd1
O-O 21. Ng5 Nxf2 22. Bxe6+ Qxe6 23. Nxe6 Nxd1 24. Nxf8 Rxf8 25. Qxd1 c6 26.
Rf1 Re8 27. Qf3 b5 28. Qf7+ { Black forfeits on time } 1-0

[Event "ICC tourney 2552 (3 2)"]
[Site "Internet Chess Club"]
[Date "2021.05.07"]
[Round "4"]
[White "GUDI, KEERTHANA:K05-16551243"]
[Black "MICHAEL BAR, NATHAN:K01-30163724"]
[Result "1-0"]
[ICCResult "Black checkmated"]
[WhiteElo "1400"]
[BlackElo "1400"]
[Opening "two knights defense: Wilkes Barre (Traxler) variation"]
[ECO "C57"]
[NIC "KP.01"]
[Time "19:15:41"]
[PlyCount "67"]
[TimeControl "180+2"]

1. e4 e5 2. Nf3 Nc6 3. Bc4 Nf6 4. Ng5 Bc5 5. Nxf7 Bxf2+ 6. Kf1 Qe7 7. Nxh8
Nxe4 8. Nf7 Qc5 9. d3 d5 10. dxe4 Qxc4+ 11. Kxf2 Kxf7 12. exd5 Qc5+ 13. Ke1
Qa5+ 14. Nc3 Nd4 15. Rf1+ Ke7 16. Bg5+ Kd6 17. Be3 Nb5 18. Ke2 Nxc3+ 19.
bxc3 Qxc3 20. Kf2 b6 21. Bd2 Qd4+ 22. Be3 Qb4 23. Kg1 Bb7 24. Rb1 Qe4 25.
Re1 Qg6 26. c4 Rf8 27. Rf1 Rxf1+ 28. Qxf1 Ba6 29. Rc1 Qe4 30. Qf8+ Kd7 31.
Qxg7+ Kd6 32. Qf6+ Kd7 33. Qe6+ Kd8 34. Bg5# { Black checkmated } 1-0

[Event "ICC tourney 2552 (3 2)"]
[Site "Internet Chess Club"]
[Date "2021.05.07"]
[Round "4"]
[White "LIN, CARL:K01-17110834"]
[Black "SHARMA, SUNEET:K05-16802074"]
[Result "1-0"]
[ICCResult "Black forfeits on time"]
[WhiteElo "1400"]
[BlackElo "1400"]
[Opening "King's pawn game"]
[ECO "C50"]
[NIC "IG.03"]
[Time "19:16:57"]
[PlyCount "77"]
[TimeControl "180+2"]

1. e4 e5 2. Nf3 Nc6 3. Bc4 Nd4 4. Nxd4 exd4 5. d3 h6 6. b3 Nf6 7. Bb2 Bb4+
8. Nd2 Bc3 9. Bxc3 dxc3 10. Nb1 d6 11. Nxc3 Be6 12. Bxe6 fxe6 13. O-O O-O
14. Qd2 d5 15. exd5 exd5 16. d4 Re8 17. Rfe1 Qd6 18. Rxe8+ Rxe8 19. Re1
Rxe1+ 20. Qxe1 Ng4 21. h3 Qh2+ 22. Kf1 Qh1+ 23. Ke2 Qxe1+ 24. Kxe1 Nf6 25.
Ke2 Kf7 26. Ke3 Ke6 27. f4 g6 28. g4 b6 29. Ne2 c5 30. dxc5 bxc5 31. c4
dxc4 32. bxc4 a5 33. Nc3 h5 34. Kf3 hxg4+ 35. hxg4 g5 36. fxg5 Nh7 37. g6
Nf6 38. g5 Ng8 39. Kf4 { Black forfeits on time } 1-0

[Event "ICC tourney 2552 (3 2)"]
[Site "Internet Chess Club"]
[Date "2021.05.07"]
[Round "4"]
[White "LIU, CADEN:K01-30149077"]
[Black "PARK, JOSHUA:K05-16451732"]
[Result "1-0"]
[ICCResult "Black checkmated"]
[WhiteElo "1400"]
[BlackElo "1400"]
[Opening "Réti opening"]
[ECO "A04"]
[NIC "QP.11"]
[Time "19:15:57"]
[PlyCount "101"]
[TimeControl "180+2"]

1. Nf3 Nc6 2. d4 Nf6 3. Bf4 e6 4. e3 Bb4+ 5. c3 Ba5 6. Nbd2 d5 7. Bd3 O-O
8. O-O Re8 9. b4 Bb6 10. a4 a5 11. b5 Ne7 12. Rb1 c6 13. bxc6 bxc6 14. Qb3
Nf5 15. Qxb6 Qxb6 16. Rxb6 Bd7 17. Bxf5 exf5 18. Ne5 Ne4 19. Nxe4 fxe4 20.
Nxc6 Bxc6 21. Rxc6 Rab8 22. Bxb8 Rxb8 23. Rd6 h5 24. Rxd5 f6 25. Rxh5 Kf7
26. Rb5 Rc8 27. Rc1 Rd8 28. Kf1 Rc8 29. Ke2 Rh8 30. h3 Rh6 31. f3 exf3+ 32.
Kxf3 Kg6 33. c4 Rh8 34. c5 Kf7 35. c6 Ke7 36. c7 Kd7 37. Rbc5 Re8 38. e4 g6
39. g4 Kd6 40. c8=Q Rxc8 41. Rxc8 Kd7 42. R1c7+ Kd6 43. Kf4 Ke6 44. e5 Kd5
45. exf6 Kxd4 46. f7 Kd3 47. f8=Q Kd2 48. Qd6+ Ke2 49. Re8+ Kf2 50. Qd2+
Kg1 51. Re1# { Black checkmated } 1-0

[Event "ICC tourney 2552 (3 2)"]
[Site "Internet Chess Club"]
[Date "2021.05.07"]
[Round "4"]
[White "COLLIER, ZANE:K06-30119849"]
[Black "KAIPA, ADITYA:K03-17069123"]
[Result "1-0"]
[ICCResult "Black forfeits on time"]
[WhiteElo "1400"]
[BlackElo "1400"]
[Opening "French: Rubinstein variation"]
[ECO "C10"]
[NIC "FR.07"]
[Time "19:16:55"]
[PlyCount "65"]
[TimeControl "180+2"]

1. d4 e6 2. e4 d5 3. Nc3 dxe4 4. Nxe4 Nc6 5. Nf3 Nf6 6. Bd3 Be7 7. c3 Bd7
8. O-O O-O 9. Be3 h6 10. Bc2 Nxe4 11. Bxe4 Bd6 12. Qd3 Qf6 13. g3 e5 14.
dxe5 Nxe5 15. Nxe5 Qxe5 16. Bf4 Qf6 17. Bxd6 cxd6 18. Rfe1 Bc6 19. Bxc6
bxc6 20. Re2 Rac8 21. Rae1 Rfd8 22. Re3 d5 23. Qd4 Qxd4 24. cxd4 c5 25.
dxc5 Rxc5 26. Re8+ Rxe8 27. Rxe8+ Kh7 28. Re7 Rc6 29. Rxa7 Rd6 30. Ra3 d4
31. Kf1 d3 32. Ke1 d2+ 33. Kd1 { Black forfeits on time } 1-0

[Event "ICC tourney 2552 (3 2)"]
[Site "Internet Chess Club"]
[Date "2021.05.07"]
[Round "4"]
[White "MINAYA LEMONDS, IBAI:K01-30033467"]
[Black "SOMARAM, AKANKSHA:K05-17045572"]
[Result "0-1"]
[ICCResult "White checkmated"]
[WhiteElo "1400"]
[BlackElo "1400"]
[Opening "King's pawn game"]
[ECO "C50"]
[NIC "IG.03"]
[Time "19:16:57"]
[PlyCount "70"]
[TimeControl "180+2"]

1. e4 e5 2. Nf3 Nc6 3. Bc4 h6 4. Nc3 Nf6 5. d3 Bb4 6. Be3 O-O 7. O-O Bxc3
8. bxc3 d6 9. Rb1 a6 10. Qd2 b5 11. Bb3 Bg4 12. c4 bxc4 13. dxc4 Qe7 14.
Qe2 Rae8 15. h3 Bd7 16. Rfd1 Na5 17. Qd2 Nxb3 18. cxb3 Bc8 19. a4 Rd8 20.
b4 Qd7 21. b5 axb5 22. cxb5 Bb7 23. Qc2 Bxe4 24. Rd3 Bxd3 25. Qxd3 Ra8 26.
Ra1 e4 27. Qd4 exf3 28. gxf3 Qxh3 29. a5 Qxf3 30. a6 Qh3 31. Rc1 Ng4 32.
Rxc7 Qh2+ 33. Kf1 Nxe3+ 34. Qxe3 Rfe8 35. Qa3 Qh1# { White checkmated } 0-1

[Event "ICC tourney 2552 (3 2)"]
[Site "Internet Chess Club"]
[Date "2021.05.07"]
[Round "4"]
[White "BULUSU, PHANEENDRA:K03-16661467"]
[Black "DAMBAL, SASHA:K05-30022386"]
[Result "1-0"]
[ICCResult "Black forfeits on time"]
[WhiteElo "1400"]
[BlackElo "1400"]
[Opening "Three knights game"]
[ECO "C46"]
[NIC "KP.06"]
[Time "19:15:58"]
[PlyCount "69"]
[TimeControl "180+2"]

1. e4 e5 2. Nf3 Nc6 3. Nc3 Bc5 4. d3 Nf6 5. Bg5 h6 6. Bh4 d6 7. h3 Be6 8.
Na4 Bb6 9. Nxb6 axb6 10. Be2 O-O 11. a3 Qe7 12. O-O Nd4 13. Nxd4 exd4 14.
Bxf6 Qxf6 15. Bg4 Bxg4 16. Qxg4 c5 17. Qg3 Qe5 18. Qxe5 dxe5 19. f4 exf4
20. Rxf4 Rac8 21. a4 f6 22. Rf5 Rf7 23. Rd5 Kh8 24. a5 b5 25. a6 bxa6 26.
Rxa6 b4 27. Ra5 Rfc7 28. Kf2 Kh7 29. Rb5 Kg6 30. Kg3 f5 31. Rxf5 Kh7 32.
Rd5 g6 33. Rd6 g5 34. Rbb6 Kg7 35. Rxh6 { Black forfeits on time } 1-0

[Event "ICC tourney 2552 (3 2)"]
[Site "Internet Chess Club"]
[Date "2021.05.07"]
[Round "4"]
[White "BHOWMICK, ISHAAN:K01-30129149"]
[Black "ARUN, AKSHARA:K03-30106802"]
[Result "1-0"]
[ICCResult "Black checkmated"]
[WhiteElo "1461"]
[BlackElo "1400"]
[Opening "QGA: 3.e4"]
[ECO "D20"]
[NIC "QG.04"]
[Time "19:15:57"]
[PlyCount "71"]
[TimeControl "180+2"]

1. d4 d5 2. c4 dxc4 3. e4 e6 4. Bxc4 Nc6 5. Nf3 Bd7 6. Nc3 Qe7 7. O-O O-O-O
8. Be3 Nb4 9. d5 exd5 10. exd5 Qd6 11. Bxa7 Be7 12. Be3 Bf6 13. Bg5 Bxg5
14. Nxg5 Rf8 15. Qf3 f6 16. Nge4 Qe5 17. Nc5 Na6 18. Nxd7 Kxd7 19. Bxa6
bxa6 20. Rfe1 Qg5 21. Ne4 Qxd5 22. Qg4+ f5 23. Qxg7+ Ne7 24. Nf6+ Rxf6 25.
Qxf6 Kc8 26. Qxh8+ Kb7 27. Rxe7 Kc6 28. Qf6+ Kc5 29. Qc3+ Kb5 30. Qb3+ Qxb3
31. axb3 Kb4 32. Rxa6 Kxb3 33. Rxc7 Kxb2 34. Ra8 Kb3 35. Rb8+ Ka4 36. Ra7#
{ Black checkmated } 1-0

[Event "ICC tourney 2552 (3 2)"]
[Site "Internet Chess Club"]
[Date "2021.05.07"]
[Round "4"]
[White "DECLAN RODRIGUES, CALIX:K03-17095397"]
[Black "DESAI, DHRITEE:K06-16336152"]
[Result "0-1"]
[ICCResult "White forfeits on time"]
[WhiteElo "1400"]
[BlackElo "1400"]
[Opening "QGD: 4.Nf3"]
[ECO "D37"]
[NIC "QO.16"]
[Time "19:16:14"]
[PlyCount "52"]
[TimeControl "180+2"]

1. d4 d5 2. c4 e6 3. Nc3 Nf6 4. Nf3 Nbd7 5. Bf4 Bb4 6. e3 Ne4 7. Qd3 Qe7 8.
a3 Ba5 9. Be2 c6 10. O-O O-O 11. Nxe4 dxe4 12. Qxe4 Nf6 13. Qc2 Rd8 14. Qa4
Bb6 15. c5 Bc7 16. Bxc7 Qxc7 17. Rfc1 Rd5 18. Bc4 Rh5 19. Rc3 Ne4 20. Bd3
Nxc3 21. bxc3 e5 22. dxe5 Bg4 23. h3 Bxf3 24. gxf3 Rxh3 25. Kg2 Rh5 26. Kg3
Qxe5+ { White forfeits on time } 0-1

[Event "ICC tourney 2552 (3 2)"]
[Site "Internet Chess Club"]
[Date "2021.05.07"]
[Round "4"]
[White "PATWARI, TANUSH:K06-16270035"]
[Black "SAMBATH, VAISHNAV:K01-30162350"]
[Result "1-0"]
[ICCResult "Black forfeits on time"]
[WhiteElo "1400"]
[BlackElo "1400"]
[Opening "two knights defense: Wilkes Barre (Traxler) variation"]
[ECO "C57"]
[NIC "KP.01"]
[Time "19:15:23"]
[PlyCount "75"]
[TimeControl "180+2"]

1. e4 e5 2. Nf3 Nc6 3. Bc4 Nf6 4. Ng5 Bc5 5. Nxf7 Qe7 6. Nxh8 d6 7. O-O Bg4
8. Qe1 Nd4 9. Na3 Bxa3 10. bxa3 Nxc2 11. Qe3 Nxe3 12. fxe3 Nxe4 13. Bf7+
Kf8 14. Bd5+ Ke8 15. Bxe4 Kd7 16. Rf7 Rxh8 17. Rxe7+ Kxe7 18. Bb2 Rf8 19.
Bxb7 Rf6 20. d4 exd4 21. Bxd4 Rg6 22. Bxa7 Bh3 23. Rc1 Bd7 24. Rxc7 Kd8 25.
Rc1 Ke7 26. Bd5 Rg5 27. Be4 Re5 28. Bxh7 Rxe3 29. Bxe3 Be6 30. Rc7+ Kf6 31.
a4 Bxa2 32. a5 Bb3 33. a6 Ba2 34. a7 Bd5 35. Bg8 Be4 36. Rc4 Ba8 37. Rd4
Ke7 38. Bd5 { Black forfeits on time } 1-0

[Event "ICC tourney 2552 (3 2)"]
[Site "Internet Chess Club"]
[Date "2021.05.07"]
[Round "4"]
[White "REEVE MENDES, AARON:K03-30164243"]
[Black "XUE, JACK:K03-17241051"]
[Result "1-0"]
[ICCResult "Black resigns"]
[WhiteElo "1400"]
[BlackElo "1348"]
[Opening "French: Réti (Spielmann) variation"]
[ECO "C00"]
[NIC "FR.01"]
[Time "19:15:15"]
[PlyCount "141"]
[TimeControl "180+2"]

1. e4 e6 2. b3 d5 3. Bb2 c5 4. exd5 exd5 5. d4 Nf6 6. Bb5+ Bd7 7. Bxd7+
Nbxd7 8. Nf3 Be7 9. O-O O-O 10. Nbd2 Rc8 11. Re1 Re8 12. c4 Nb6 13. dxc5
Bxc5 14. Ne5 dxc4 15. Ndxc4 Nxc4 16. Nxc4 Ne4 17. Qxd8 Bxf2+ 18. Kf1 Rcxd8
19. Rxe4 Rxe4 20. Kxf2 Rf4+ 21. Kg3 Re4 22. Rc1 b5 23. Nd6 Re2 24. Ba1 h6
25. Nxb5 Rxa2 26. Nd4 Re8 27. Kf3 Rd2 28. Bc3 Rd3+ 29. Kf2 Ree3 30. Ne2 Kh7
31. Ba1 Rxb3 32. Rc7 Red3 33. Rxf7 Rb1 34. Rxg7+ Kh8 35. Be5 Rb5 36. Rd7+
Rxe5 37. Rxd3 a5 38. Nf4 Kg7 39. g3 a4 40. Ra3 Ra5 41. Nd3 Kf6 42. Nb2 Rf5+
43. Kg2 Rc5 44. Nxa4 Rc2+ 45. Kh3 Kg5 46. Rf3 Rc4 47. Nc3 h5 48. Nd5 Rc5
49. Ne7 Re5 50. Rf5+ Rxf5 51. Nxf5 Kxf5 52. Kh4 Kg6 53. Kh3 Kg5 54. Kg2 h4
55. Kf3 hxg3 56. hxg3 Kf5 57. g4+ Kg5 58. Kg3 Kg6 59. Kf4 Kf6 60. g5+ Kg6
61. Kg4 Kg7 62. Kf5 Kf7 63. g6+ Kg8 64. Kg4 Kg7 65. Kg5 Kg8 66. Kh6 Kh8 67.
Kh5 Kg7 68. Kg5 Kh8 69. Kf6 Kg8 70. g7 Kh7 71. Kf7 { Black resigns } 1-0

[Event "ICC tourney 2552 (3 2)"]
[Site "Internet Chess Club"]
[Date "2021.05.07"]
[Round "4"]
[White "NULU, AVANEESH:K03-17121270"]
[Black "MAASAI DANIELS, INDIGO:K05-30096534"]
[Result "0-1"]
[ICCResult "White forfeits on time"]
[WhiteElo "1400"]
[BlackElo "1400"]
[Opening "Scandinavian (center counter) defense"]
[ECO "B01"]
[NIC "SD.01"]
[Time "19:16:57"]
[PlyCount "42"]
[TimeControl "180+2"]

1. e4 d5 2. exd5 Qxd5 3. Nc3 Qa5 4. Bb5+ c6 5. Bd3 Nf6 6. Nf3 Bg4 7. O-O e6
8. h3 Bxf3 9. Qxf3 Nbd7 10. Re1 O-O-O 11. Qf4 Nc5 12. Qe5 Bd6 13. Qe3 Qc7
14. Be2 b6 15. d4 Nb7 16. Ba6 Kb8 17. Bxb7 Kxb7 18. Qg5 Rhg8 19. a3 h6 20.
Qd2 Nh5 21. Qd1 Nf6 { White forfeits on time } 0-1

[Event "ICC tourney 2552 (3 2)"]
[Site "Internet Chess Club"]
[Date "2021.05.07"]
[Round "4"]
[White "SIDDHARTH GOVINDARAJULA, PRANAY:K06-17345554"]
[Black "CRAIG, ALEX:K03-17029195"]
[Result "1-0"]
[ICCResult "Black forfeits on time"]
[WhiteElo "1400"]
[BlackElo "1400"]
[Opening "Queen's gambit accepted"]
[ECO "D20"]
[NIC "QG.03"]
[Time "19:19:40"]
[PlyCount "21"]
[TimeControl "180+2"]

1. d4 d5 2. c4 dxc4 3. e3 e5 4. Bxc4 exd4 5. exd4 Bb4+ 6. Nc3 Nf6 7. Bg5
O-O 8. Nf3 Qe8+ 9. Be2 Ne4 10. Bd2 Bf5 11. Nxe4 { Black forfeits on time }
1-0

[Event "ICC tourney 2552 (3 2)"]
[Site "Internet Chess Club"]
[Date "2021.05.07"]
[Round "4"]
[White "INDRAKANTI, SAMVIK:K03-16771001"]
[Black "DEVARAJ, SHREYA:K05-16369648"]
[Result "0-1"]
[ICCResult "White checkmated"]
[WhiteElo "1064"]
[BlackElo "1400"]
[Opening "Bishop's opening: Classical variation"]
[ECO "C23"]
[NIC "IG.04"]
[Time "19:16:37"]
[PlyCount "82"]
[TimeControl "180+2"]

1. e4 e5 2. Bc4 Bc5 3. Qf3 Nf6 4. Nc3 Nc6 5. d3 d6 6. h3 Bd7 7. a3 Qe7 8.
b4 Bb6 9. b5 Nd4 10. Qg3 Nxc2+ 11. Kd1 Nxa1 12. Nf3 a6 13. Qxg7 Rf8 14. g4
O-O-O 15. h4 axb5 16. g5 Ng4 17. Rg1 Nxf2+ 18. Ke2 Nh3 19. Rg3 Nf4+ 20. Kd2
Bf2 21. Rg2 Bd4 22. Rg4 bxc4 23. Nb5 c3+ 24. Nxc3 Bxc3+ 25. Kxc3 Ne2+ 26.
Kd2 Nxc1 27. Kxc1 Nb3+ 28. Kc2 Nd4+ 29. Nxd4 exd4 30. Qxh7 Bxg4 31. Qh6 Qe6
32. Qh7 Qa2+ 33. Kc1 Be2 34. Qf5+ Kb8 35. e5 dxe5 36. Qxe5 Rfe8 37. Qg7 Re6
38. Qxf7 Rc6+ 39. Qc4 Rxc4+ 40. dxc4 Bd3 41. g6 Qc2# { White checkmated }
0-1

[Event "ICC tourney 2552 (3 2)"]
[Site "Internet Chess Club"]
[Date "2021.05.07"]
[Round "4"]
[White "YURKO, MAXWELL:K06-30167737"]
[Black "AMBIL, KESHAV:K03-30048105"]
[Result "1-0"]
[ICCResult "Black resigns"]
[WhiteElo "1400"]
[BlackElo "1400"]
[Opening "Giuoco Piano: four knights variation"]
[ECO "C50"]
[NIC "IG.02"]
[Time "19:16:57"]
[PlyCount "97"]
[TimeControl "180+2"]

1. e4 e5 2. Nf3 Nc6 3. Bc4 Bc5 4. Nc3 Nf6 5. Ng5 O-O 6. O-O h6 7. Nf3 d6 8.
d3 Bg4 9. Be3 Nd4 10. Bxd4 Bxd4 11. h3 Bh5 12. g4 Bg6 13. Nxd4 exd4 14. Nd5
c6 15. Nxf6+ Qxf6 16. f4 Qh4 17. Qe2 Qg3+ 18. Qg2 Qh4 19. Rf3 Qe7 20. Raf1
b5 21. Bb3 a5 22. a3 a4 23. Ba2 c5 24. f5 Bh7 25. Qe2 Rab8 26. Kh1 Qg5 27.
Kg1 b4 28. axb4 cxb4 29. b3 axb3 30. Bxb3 Ra8 31. Qe1 Ra3 32. Qxb4 Ra6 33.
Qxd4 Kh8 34. Qc4 Raa8 35. Qc6 Qf6 36. Qd5 Rae8 37. Re1 Qh4 38. Ree3 Qf6 39.
Kg2 Re5 40. Qc6 Rc5 41. Qd7 Re5 42. d4 Re7 43. Qc6 Ra7 44. e5 dxe5 45. Qxf6
gxf6 46. dxe5 fxe5 47. Rxe5 Re8 48. Rxe8+ Kg7 49. f6+ { Black resigns } 1-0

[Event "ICC tourney 2552 (3 2)"]
[Site "Internet Chess Club"]
[Date "2021.05.07"]
[Round "4"]
[White "HOJA, SAEED:K01-17050607"]
[Black "PUROHIT, VIHAAN:K05-16766058"]
[Result "1-0"]
[ICCResult "Black checkmated"]
[WhiteElo "1400"]
[BlackElo "1400"]
[Opening "French: advance, Paulsen attack"]
[ECO "C02"]
[NIC "FR.03"]
[Time "19:15:19"]
[PlyCount "99"]
[TimeControl "180+2"]

1. e4 e6 2. d4 d5 3. e5 c5 4. c3 Nc6 5. Nf3 Qb6 6. Qc2 cxd4 7. Nxd4 Nxd4 8.
cxd4 Qxd4 9. Bb5+ Bd7 10. Bxd7+ Kxd7 11. O-O Rc8 12. Qb3 Qb4 13. Qe3 Qc5
14. Nc3 Qxe3 15. Bxe3 a6 16. Na4 Nh6 17. Nb6+ Kd8 18. Nxc8 Kxc8 19. Rac1+
Kd7 20. Bb6 Bb4 21. Rc7+ Kd8 22. Rfc1 Re8 23. Rc8+ Ke7 24. R1c7+ Kf8 25.
Rxe8+ Kxe8 26. a3 Be7 27. Rxb7 Nf5 28. b4 Bf8 29. Rb8+ Ke7 30. Bc5+ Kd7 31.
Rxf8 f6 32. Rf7+ Kc6 33. Ra7 d4 34. Rxa6+ Kd5 35. g4 d3 36. Be3 Nxe3 37.
fxe3 d2 38. Rd6+ Kc4 39. Rxd2 fxe5 40. Rb2 Kd3 41. b5 Kxe3 42. b6 Kd3 43.
b7 e4 44. b8=Q e3 45. Qd6+ Ke4 46. Rb4+ Kf3 47. Rf4+ Ke2 48. Qa6+ Kd1 49.
Qd3+ Ke1 50. Rf1# { Black checkmated } 1-0

[Event "ICC tourney 2552 (3 2)"]
[Site "Internet Chess Club"]
[Date "2021.05.07"]
[Round "4"]
[White "ILYASOV, AHMED:K03-30131511"]
[Black "RAJEEV, AMEYA:K05-16305755"]
[Result "0-1"]
[ICCResult "White checkmated"]
[WhiteElo "1157"]
[BlackElo "1400"]
[Opening "Sicilian: accelerated fianchetto, modern variation"]
[ECO "B34"]
[NIC "SI.33"]
[Time "19:15:57"]
[PlyCount "90"]
[TimeControl "180+2"]

1. e4 c5 2. Nf3 Nc6 3. d4 cxd4 4. Nxd4 g6 5. Nc3 Bg7 6. Be3 d6 7. Qd2 Nf6
8. O-O-O O-O 9. h4 Ng4 10. Bg5 Nxd4 11. Qxd4 Bxd4 12. Rxd4 Nxf2 13. Bc4 Qb6
14. Be3 e5 15. Nd5 Qd8 16. Bxf2 exd4 17. Bxd4 Be6 18. h5 Bxd5 19. Bxd5 Qg5+
20. Kb1 Qxg2 21. Rg1 Qxg1+ 22. Bxg1 gxh5 23. Bd4 h4 24. e5 dxe5 25. Bxe5 h3
26. Bxb7 Rae8 27. Bc3 h2 28. b3 Re6 29. Kb2 f5 30. Bd5 Rf7 31. Bg2 f4 32.
Bf3 Re3 33. Bd5 Rxc3 34. Kxc3 f3 35. a4 h1=Q 36. a5 Qe1+ 37. Kc4 f2 38. Kc5
f1=Q 39. b4 Qe3+ 40. Kc6 Qf6+ 41. Kb5 Qe2+ 42. c4 Qfe5 43. Ka6 Qxd5 44. b5
Qee6+ 45. b6 Qxc4# { White checkmated } 0-1

[Event "ICC tourney 2552 (3 2)"]
[Site "Internet Chess Club"]
[Date "2021.05.07"]
[Round "4"]
[White "CHETLAPALLI, VISHNU:K01-30144870"]
[Black "MADDINENI, SHISHIR:K05-17244051"]
[Result "1-0"]
[ICCResult "Black checkmated"]
[WhiteElo "1400"]
[BlackElo "1400"]
[Opening "Dutch"]
[ECO "A80"]
[NIC "HD.12"]
[Time "19:15:23"]
[PlyCount "95"]
[TimeControl "180+2"]

1. d4 f5 2. Nf3 g6 3. Bf4 Nf6 4. e3 Bg7 5. Be2 O-O 6. O-O d6 7. Nc3 Re8 8.
d5 e5 9. dxe6 Rxe6 10. Nd4 Re8 11. Bc4+ Kh8 12. Bg5 c6 13. e4 Bd7 14. exf5
gxf5 15. Re1 b5 16. Rxe8+ Bxe8 17. Be2 c5 18. Nxf5 b4 19. Nd5 Qd7 20. Nxf6
Qxf5 21. Nxe8 Qxg5 22. Nc7 Bxb2 23. Rb1 Bd4 24. Ne6 Qf5 25. Nxd4 cxd4 26.
Qxd4+ Kg8 27. Bc4+ Kf8 28. Qh8+ Ke7 29. Qg7+ Ke8 30. Re1+ Kd8 31. Qe7+ Kc8
32. Be6+ Qxe6 33. Rxe6 Nd7 34. Qe8+ Kc7 35. Qxa8 Nb6 36. Qxa7+ Kc6 37.
Rxd6+ Kxd6 38. Qxb6+ Kd5 39. Qxb4 Ke5 40. a4 Ke6 41. a5 Kd5 42. a6 Ke5 43.
a7 Kd5 44. a8=Q+ Ke5 45. Qae4+ Kf6 46. Qd6+ Kg5 47. Qee5+ Kg4 48. Qdd4# {
Black checkmated } 1-0

[Event "ICC tourney 2552 (3 2)"]
[Site "Internet Chess Club"]
[Date "2021.05.07"]
[Round "4"]
[White "WU, DARREN:K01-30136086"]
[Black "WANG, OLLI:K06-17042860"]
[Result "1-0"]
[ICCResult "Black forfeits on time"]
[WhiteElo "1400"]
[BlackElo "1400"]
[Opening "QGD Slav defense"]
[ECO "D10"]
[NIC "SL.01"]
[Time "19:15:57"]
[PlyCount "77"]
[TimeControl "180+2"]

1. d4 d5 2. c4 c6 3. Nc3 Nf6 4. Bg5 Bf5 5. Nf3 e6 6. e3 Bb4 7. a3 Bxc3+ 8.
bxc3 O-O 9. Bd3 Bxd3 10. Qxd3 h6 11. Bh4 Nbd7 12. O-O dxc4 13. Qxc4 Nb6 14.
Qd3 Nbd5 15. c4 Nb6 16. h3 c5 17. Rad1 cxd4 18. Qxd4 Qxd4 19. Rxd4 Nfd7 20.
Rfd1 Nc5 21. Bg3 Nb3 22. R4d3 Nc5 23. Rc3 Ne4 24. Rcd3 Nxg3 25. fxg3 Nxc4
26. Rc3 Nb6 27. Rc7 Rab8 28. Rdc1 Nd5 29. Rd7 Nxe3 30. Rcc7 Nf5 31. Rxb7
Rxb7 32. Rxb7 Ra8 33. Kh2 Nd6 34. Rd7 Nc4 35. Rd3 e5 36. Rd5 e4 37. Nd4 e3
38. Nc2 e2 39. Rd3 { Black forfeits on time } 1-0